 Dungeon Crawl Stone Soup version 0.20-a0-1109-ge3cd172 (webtiles) character file.

639 grindst0ne the Skirmisher (level 7, -21/59 HPs)
             Began as a Formicid Fighter on May 6, 2017.
             Killed from afar by Ijyb (23 damage)
             ... with a wand of lightning (?/15)
             ... on level 4 of the Dungeon.
             The game lasted 00:14:36 (4074 turns).

grindst0ne the Skirmisher (Formicid Fighter)        Turns: 4074, Time: 00:14:37

Health: -21/59     AC:  8    Str: 22 (23) XL:     7   Next: 80%
Magic:  7/7        EV:  9    Int:  7      God:
Gold:   135        SH:  9    Dex: 10      Spells: 6/6 levels left

rFire    . . .     SeeInvis +   a - +0 war axe
rCold    . . .     Gourm    .   c - +0 shield
rNeg     . . .     Faith    .   E - +2 leather armour {MR+}
rPois    .         Spirit   .   (helmet unavailable)
rElec    .         Reflect  .   x - +1 cloak
rCorr    .         Harm     .   (no gloves)
MR       +....     Clarity  +   h - +0 pair of boots
Stlth    +.........             (no amulet)
Regen    0.2/turn               (no ring)
MPRegen  0.1/turn               (no ring)

@: very slightly contaminated, invisible
A: permanent stasis, dig shafts and tunnels, four strong arms, antennae 3,
clarity, subdued magic 1
a: Dig, Shaft Self


You were on level 4 of the Dungeon.
You were not hungry.

You visited 1 branch of the dungeon, and saw 4 of its levels.

You collected 135 gold pieces.

Inventory:

Hand Weapons
 a - a +0 war axe (weapon)
 i - a +0 short sword of venom
 p - a -3 dagger
 t - a +0 broad axe
Missiles
 u - 7 javelins (quivered)
 z - 4 tomahawks
Armour
 b - a +0 scale mail
 c - a +0 shield (worn)
 h - a +0 pair of boots (worn)
 x - a +1 cloak (worn)
 E - a +2 leather armour of magic resistance (worn)
Jewellery
 w - a cursed ring of loudness {unknown}
Wands
 r - a wand of flame (30/48)
Scrolls
 g - a scroll of fear
 n - a scroll of remove curse
 o - 3 scrolls of identify
 B - a scroll of teleportation
Potions
 d - a potion of heal wounds {unknown}
 e - a potion of agility {unknown}
 q - a potion of curing {unknown}
Comestibles
 f - 2 bread rations
 k - 3 fruits
 l - 2 meat rations


   Skills:
 + Level 6.9 Fighting
 + Level 5.7 Axes
 - Level 3.5 Armour
 - Level 3.7 Shields


You had 6 spell levels left.
You didn't know any spells.

Dungeon Overview and Level Annotations

Branches:
Dungeon (4/15)
 Temple: D:4-7

Altars:
Kikubaaqudgha
Nemelex Xobeh
Okawaru
Uskayaw
Zin

Annotations:
D:4 Ijyb


Innate Abilities, Weirdness & Mutations

You cannot be hasted, slowed, berserked, paralysed or teleported.
You can dig through walls and to a lower floor.
Your four strong arms can wield two-handed weapons with a shield.
You have a pair of large antennae on your head. (SInv)
You possess an exceptional clarity of mind.
Your spells are a little easier to cast, but a little less powerful.


Message History

The orc hits you but does no damage. The dart slug closely misses you.
You hit the dart slug but do no damage.
The dart slug is moderately wounded.
The orc completely misses you. The dart slug closely misses you.
You block the orc's attack.
Ijyb zaps a wand.
The bolt of lightning hits you! The dart slug closely misses you.
You slash the dart slug!
You kill the dart slug!
You block the orc's attack.
Ijyb zaps a wand.
The bolt of lightning hits you!
* * * LOW HITPOINT WARNING * * *
You block the orc's attack.
Ijyb zaps a wand.
The bolt of lightning hits you!
* * * LOW HITPOINT WARNING * * *
You fade into invisibility!
The orc hits you but does no damage.
You are very lightly contaminated with residual magic.
Ijyb zaps a wand.
The bolt of lightning misses the orc.
The bolt of lightning hits you!
You die...

......# #.# #.#..#.# ###) ......#
#.# #..#.#.# #... .....†## #.#
##.#...#### #...
.......######.#####.##.....###...
......g..g........#...#..#.......
......####.#.####.........####...
.###### #.#.########...#.# #... .
#.g.o.### #...#.# #### ###.#..@#
#####.# ####)###.# #.####
######.)..# #.# #....##
....>..[#####.###########..#
##....................####.#
#........###.....###......###
##.......# #####.#######....#
#.......# #..####.......
#.......# ##......<.....


You could see Ijyb and an orc.

Vanquished Creatures
  Duvessa (D:4)
  An ogre (D:4)
  Dowan (D:4)
  3 orc wizards
  A bullfrog skeleton (D:4)
  2 orc priests (D:4)
  A worker ant (D:4)
  Robin (D:4)
  5 adders
  2 worms
  4 dart slugs
  2 leopard geckos
  14 orcs
  6 giant cockroaches
  16 goblins
  11 hobgoblins
  14 jackals
  7 kobolds
  5 quokkas
  A ball python (D:3)
  4 bats
  4 frilled lizards
  21 rats
127 creatures vanquished.

Notes
Turn   | Place    | Note
-------+----------+-------------------------------------------
     0 | D:1      | grindst0ne the Formicid Fighter began the quest for the Orb.
     0 | D:1      | Reached XP level 1. HP: 18/18 MP: 1/1
    58 | D:1      | Reached XP level 2. HP: 18/24 MP: 2/2
   623 | D:1      | Reached XP level 3. HP: 27/30 MP: 3/3
   746 | D:2      | Reached skill level 4 in Fighting
   803 | D:2      | Found an iron altar of Okawaru.
  1065 | D:2      | Found a hide-covered altar of Uskayaw.
  1065 | D:2      | Found a sparkling altar of Nemelex Xobeh.
  1218 | D:2      | Reached XP level 4. HP: 37/37 MP: 4/4
  1669 | D:2      | Found an ancient bone altar of Kikubaaqudgha.
  2091 | D:3      | Found a glowing silver altar of Zin.
  2245 | D:3      | Reached XP level 5. HP: 36/43 MP: 5/5
  2362 | D:3      | Reached skill level 5 in Fighting
  2779 | D:4      | Reached XP level 6. HP: 44/51 MP: 6/6
  3134 | D:4      | Noticed an ogre
  3143 | D:4      | Killed an ogre
  3158 | D:4      | Gained mutation: Your magical capacity is low. (-10% MP) [potion of mutation]
  3158 | D:4      | Gained mutation: Your spells are a little easier to cast, but a little less powerful. [potion of mutation]
  3158 | D:4      | Lost mutation: Your magical capacity is low. (-10% MP) [potion of mutation]
  3158 | D:4      | Gained mutation: You possess an exceptional clarity of mind. [potion of mutation]
  3354 | D:4      | Noticed Duvessa
  3364 | D:4      | Noticed Dowan
  3386 | D:4      | Killed Duvessa
  3386 | D:4      | Reached skill level 6 in Fighting
  3386 | D:4      | Reached skill level 5 in Axes
  3386 | D:4      | Reached XP level 7. HP: 50/59 MP: 7/7
  3397 | D:4      | Noticed Robin
  3678 | D:4      | Killed Dowan
  3732 | D:4      | Killed Robin
  4056 | D:4      | Noticed Ijyb
  4065 | D:4      | HP: 1/59 [Ijyb/wand of lightning (?/15) (11)]
  4074 | D:4      | Killed from afar by Ijyb

Vault maps used:
D:1:      saegor_arrival_simple_f
D:2:      lemuel_coloured_pillars_altar, gammafunk_temple_overflow_statue,
          first_bread, okawaru_metal_pillars_3
D:3:      lemuel_round_altar, minmay_rat_hole
D:4:      uniq_robin, uniq_ijyb, uniq_duvessa

Skill      XL: |  1  2  3  4  5  6 |
---------------+-------------------+-----
Fighting       | 4 5 6 |  6.9
Axes           | 3 4 5 |  5.7
Armour         | |  3.5
Shields        | |  3.7

Action                   |  1- 3 |  4- 6 |  7- 9 || total
-------------------------+-------+-------+-------++-------
Melee: War axe           |    42 |   239 |    69 ||   350
       Short sword       |    60 |       |       ||    60
  Use: Scroll            |     5 |     5 |       ||    10
       Potion            |       |     6 |     1 ||     7
  Eat: Chunk             |     1 |     7 |       ||     8
       Bread ration      |       |       |     1 ||     1
Armor: Scale mail        |    67 |    91 |       ||   158
       Skin              |       |    10 |    15 ||    25
       Leather armour    |       |     5 |    26 ||    31
Dodge: Dodged            |    38 |    71 |    28 ||   137
Block: Shield            |    61 |   153 |    54 ||   268
